 Dungeon Crawl Stone Soup version 0.30.1-11-g7821555f0a (webtiles) character file.

Game seed: 2493814073353874695

38491 comborobin the Peltast (level 14, -14/120 HPs)
             Began as a Gargoyle Delver on Dec 28, 2023.
             Was a High Priest of Cheibriados.
             Demolished by Saint Roka
             ... wielding a +3 war axe of flaming
              (21 damage)
             ... on level 1 of the Orcish Mines.
             The game lasted 00:29:38 (15810 turns).

comborobin the Peltast (Gargoyle Delver)           Turns: 15810, Time: 00:29:39

Health: -14/120    AC: 29    Str: 34    XL:     14   Next: 2%
Magic:  2/20       EV: 11    Int: 29    God:    Cheibriados [*****.]
Gold:   1722       SH: 23    Dex: 24    Spells: 14/21 levels left

rFire   + . .        a - +8 dagger of the Thirteen Knives {venom, rPois Int+5}
rCold   . . .        k - +1 tower shield {AC+3}
rNeg    + . .        F - +0 troll leather armour
rPois   ∞            w - +0 helmet
rElec   +            A - +0 cloak
rCorr   .            s - +1 pair of gloves
SInv    .            (no boots)
Will    +++..        (no amulet) Stlth
                     E - ring of willpower
HPRegen 1.20/turn    O - +4 ring of protection
MPRegen 0.17/turn

%: no passive effects
@: berserking, flying, studying Maces & Flails, very slow
A: sickness immunity, AC +10, big wings, negative energy resistance 1,
electricity resistance, torment resistance 1, petrification resistance, fire
resistance 1, strong-willed 1
a: Renounce Religion, Bend Time, Temporal Distortion, Slouch, Step From Time


You were on level 1 of the Orcish Mines.
You worshipped Cheibriados.
Cheibriados was extremely pleased with you.
You visited 3 branches of the dungeon, and saw 17 of its levels.
You also visited: Bailey.

You collected 2398 gold pieces.
You spent 676 gold pieces at shops.

Inventory:

Hand Weapons
 a - the +8 dagger of the Thirteen Knives (weapon) {venom, rPois Int+5}
   (You found it on level 3 of the Dungeon)

   Int:       It affects your intelligence (+5).
   rPois:     It protects you from poison.
 b - a +1 whip of venom
 d - a +5 great sword
 x - a +3 flail of freezing
 y - a +1 flail of protection
 D - a +5 whip
 Z - the +9 flail of Contention {flame, Str+5 Dex-5}
   (You found it on level 12 of the Dungeon)

   Str:       It affects your strength (+5).
   Dex:       It affects your dexterity (-5).
Missiles
 B - 2 curare-tipped darts (quivered)
Armour
 j - a +0 plate armour
 k - a +1 tower shield of protection (worn)
 l - the +4 leather armour "Secufenk" {rF+ Slay-6 SInv}
   (You found it on level 4 of the Dungeon)

   Slay:      It affects your accuracy & damage with ranged weapons and melee
   (-6).
   rF:        It protects you from fire.
   SInv:      It lets you see invisible.
 n - a +0 ring mail
 r - +0 steam dragon scales
 s - a +1 pair of gloves (worn)
 w - a +0 helmet (worn)
 A - a +0 cloak (worn)
 F - a +0 troll leather armour (worn)
 J - a +0 crystal plate armour
 Y - +0 acid dragon scales
Magical Staves
 G - a staff of conjuration
Jewellery
 t - a ring of magical power
 C - a ring of flight
 E - a ring of willpower (left hand)
 O - a +4 ring of protection (right hand)
Wands
 g - a wand of digging (5)
 L - a wand of polymorph (4)
 W - a wand of charming (6)
Scrolls
 c - 4 scrolls of fog
 z - 3 scrolls of teleportation
 H - 6 scrolls of enchant weapon
 I - 4 scrolls of enchant armour
 K - 8 scrolls of identify
 Q - 2 scrolls of vulnerability
 S - 2 scrolls of amnesia
 U - a scroll of magic mapping
 V - a scroll of butterflies
Potions
 h - 4 potions of mutation
 i - 6 potions of curing
 m - a potion of heal wounds
 o - a potion of flight
 p - 3 potions of cancellation
 q - 3 potions of resistance
 u - 2 potions of magic
 v - a potion of berserk rage
 M - 2 potions of ambrosia {unknown}
 N - 2 potions of lignification {unknown}
 P - 2 potions of brilliance
 R - 5 potions of attraction {unknown}
 X - a potion of degeneration {unknown}


   Skills:
 - Level 6.5 Fighting
 - Level 10.9 Maces & Flails
 - Level 14.4 Armour
 - Level 1.5 Dodging
 - Level 5.4 Stealth
 + Level 16.0 Shields
 - Level 4.0 Spellcasting
 - Level 2.1 Transmutations
 - Level 3.9 Fire Magic
 - Level 3.9 Poison Magic
 - Level 5.8 Invocations


You had 14 spell levels left.
You knew the following spells:

 Your Spells              Type           Power      Damage    Failure   Level
h - Passage of Golubria   Tloc           5%         N/A       78%         4
i - Ignite Poison         Fire/Tmut/Pois 25%        N/A       11%         3

Your spell library contained the following spells:

 Spells                   Type           Power      Damage    Failure   Level
 Freeze                   Ice            20%        1d4       13%         1
 Magic Dart               Conj           20%        1d4       13%         1
 Necrotise                Necr           20%        1d5       13%         1
 Blink                    Tloc           10%        N/A       21%         2
 Lesser Beckoning         Tloc           10%        N/A       21%         2
 Momentum Strike          Conj/Tloc      10%        3d8       21%         2
 Searing Ray              Conj           10%        2d4       21%         2
 Call Canine Familiar     Summ           5%         N/A       36%         3
 Frozen Ramparts          Ice            10%        1d2       36%         3
 Hailstorm                Conj/Ice       5%         3d4       36%         3
 Portal Projectile        Hex/Tloc       10%        N/A       36%         3
 Stone Arrow              Conj/Erth      10%        3d7       36%         3
 Vampiric Draining        Necr           5%         2d6       36%         3
 Sticky Flame             Conj/Fire      17%        2d4       52%         4
 Ice Form                 Ice/Tmut       11%        N/A       65%         4
 Animate Armour           Summ/Erth      10%        N/A       78%         4
 Fulminant Prism          Conj/Hex       2%         3d5       78%         4
 Leda's Liquefaction      Hex/Erth       2%         N/A       78%         4
 Summon Ice Beast         Ice/Summ       5%         N/A       78%         4
 Agony                    Necr           5%         N/A       98%         5
 Silence                  Hex/Air        2%         N/A       98%         5
 Ignition                 Fire           14%        3d6       100%        8
 Lehudib's Crystal Spear  Conj/Erth      2%         10d2      100%        8


Dungeon Overview and Level Annotations

Branches:
Dungeon (14/15)            Temple (1/1) D:7            Lair (0/5) D:11
    Orc (2/2) D:11         Bailey (visited)
    Elf: Orc:2       Vaults: D:13-14

Altars:
Cheibriados
Dithmenos
Fedhas
Hepliaklqana
Kikubaaqudgha
Nemelex Xobeh
Okawaru
Qazlal
Sif Muna
Uskayaw
Vehumet
Wu Jian
Xom
Zin
The Shining One

Shops:
D:3 ::*?   D:6 ?   D:9 *?:

Annotations:
D:5 2 runed translucent doors, bnorton916's ghost, novice DECj
D:12 2 transporters
Orc:1 Saint Roka


Innate Abilities, Weirdness & Mutations

You are immune to sickness and miasma.
Your stone body is resilient. (AC +10)
You are immune to poison.
Your large and strong wings let you fly.
You resist negative energy. (rN+)
You are resistant to electric shocks. (rElec)
You are resistant to unholy torment.
You are immune to petrification.
Your flesh is heat resistant. (rF+)
You are strong-willed. (Will+)


Message History

Beogh smites you!
You hit Saint Roka but do no damage.
Saint Roka is poisoned.
Saint Roka is almost dead.
Saint Roka mumbles some strange prayers to Beogh against you.
Beogh smites you!
Casting: Ignite Poison (dangerous; 11% risk of failure)
Confirm with . or Enter, or press ? or * to list all spells.
You don't have enough magic to cast this spell.
Okay, then.
Okay, then.
A red film seems to cover your vision as you go berserk!
Cheibriados forces you to slow down.
You feel mighty! You block Saint Roka's attack.
You hit Saint Roka.
Saint Roka looks as sick as possible!
Saint Roka is almost dead.
You block Saint Roka's attack.
You barely miss Saint Roka.
Saint Roka is almost dead.
Saint Roka invokes the aid of Beogh against you.
Beogh smites you!
* * * LOW HITPOINT WARNING * * *
You hit Saint Roka but do no damage.
Saint Roka looks as sick as possible!
Saint Roka is almost dead.
Saint Roka hits you with a +3 war axe of flaming.
* * * LOW HITPOINT WARNING * * *
You hit Saint Roka but do no damage.
Saint Roka looks as sick as possible!
Saint Roka is almost dead.
Saint Roka mumbles some strange prayers to Beogh against you.
Beogh smites you!
* * * LOW HITPOINT WARNING * * *
You hit Saint Roka but do no damage.
Saint Roka looks as sick as possible!
Saint Roka is almost dead.
Saint Roka invokes the aid of Beogh against you.
Beogh smites you!
* * * LOW HITPOINT WARNING * * *
You hit Saint Roka.
Saint Roka looks as sick as possible!
Saint Roka is almost dead.
You block Saint Roka's attack.
Saint Roka hits you with a +3 war axe of flaming!!
You die...

####...#####......##
##.#.......#........#
##..............###..###
#.....###.=......##....#
#.....###..[....#####..#
#......#...<....###....#
##.....#...#...))[#....#
#.#...#..o##).)>[.....#
###.......@####))....##
##...).####.#.....##
##.......###.....))[#
#........##....#.o..##
###..#....###..###....#
##....##.......## #o..##
#..^.######....####....###
###..##
#))).....#.......###
##..###)))....###....####.


You could see Saint Roka (extremely poisoned).

Vanquished Creatures
  A hydra (D:10)
  4 boulder beetles
  A centaur warrior (D:13)
  8 two-headed ogres
  A deep troll (Orc:2)
  A lindwurm (shapeshifter) (D:14)
  2 ugly things
  An orc knight (Bailey)
  An orc sorcerer (Orc:1)
  A cyclops (D:12)
  2 manticores (D:12)
  An elephant (D:11)
  Maurice (Orc:1)
  A black mamba (shapeshifter) (D:13)
  4 molten gargoyles (D:13)
  A gargoyle (D:11)
  3 unseen horrors
  A freezing wraith (D:14)
  3 kobold demonologists
  10 trolls
  A hornet (D:7)
  3 slime creatures (D:13)
  2 vampires
  2 wyverns
  20 yaks
  3 wraiths
  4 basilisks
  Grum (D:8)
  3 steam dragons
  10 vampire mosquitoes
  2 wargs (Orc:1)
  An acid dragon (D:12)
  3 water moccasins
  23 orc warriors
  3 ice beasts
  17 ogres
  3 centaurs
  4 wolves (D:8)
  2 phantoms
  6 kobold brigands
  2 bullfrogs
  A scorpion (D:5)
  A gnoll sergeant (D:8)
  A hornet simulacrum (D:14)
  12 wights
  6 killer bees (D:7)
  8 howler monkeys
  10 orc priests
  A jelly (D:7)
  6 hounds
  7 iguanas
  20 orc wizards
  7 adders
  13 gnolls
  A shadow imp (D:6)
  A white imp (D:5)
  An ufetubus (D:6)
  4 worms
  A dart slug (D:3)
  66 orcs
  10 endoplasms
  2 giant cockroaches
  9 goblins
  7 hobgoblins
  5 jackals
  6 ball pythons
  5 bats
  4 frilled lizards
  27 kobolds
  11 rats
  A fire vortex (D:13)
417 creatures vanquished.

Vanquished Creatures (others)
  An orc wizard (D:10)
  An orc (D:10)
2 creatures vanquished.

Grand Total: 419 creatures vanquished

Notes
Turn   | Place    | Note
-------+----------+-------------------------------------------
     0 | D:5      | comborobin the Gargoyle Delver began the quest for the Orb.
     0 | D:5      | Reached XP level 1. HP: 14/14 MP: 1/1
    98 | D:4      | Reached XP level 2. HP: 12/19 MP: 2/2
   133 | D:4      | Identified the +4 leather armour "Secufenk" {rF+ Slay-6
                  | SInv}
   408 | D:3      | Found Obbumoes's Book Shoppe.
   503 | D:2      | Reached XP level 3. HP: 17/23 MP: 3/3
   549 | D:2      | Reached skill level 1 in Armour
   549 | D:2      | Reached skill level 1 in Shields
   589 | D:2      | Found a faded altar of an unknown god.
  1253 | D:1      | Reached XP level 4. HP: 24/28 MP: 4/4
  1382 | D:3      | Found Zennaf's Assorted Antiques.
  1402 | D:3      | Found Igiq's Magic Scroll Emporium.
  1412 | D:3      | Identified the +8 dagger of the Thirteen Knives {venom,
                  | rPois Int+5}
  1548 | D:3      | Reached skill level 2 in Shields
  1704 | D:3      | Reached XP level 5. HP: 32/32 MP: 5/5
  2080 | D:3      | Found Rocaih's Book Shoppe.
  2228 | D:4      | Reached skill level 3 in Shields
  2716 | D:5      | Found a large runed translucent door.
  2720 | D:5      | Found a large runed translucent door.
  2720 | D:5      | Noticed bnorton916's ghost (novice DECj)
  2810 | D:5      | Reached XP level 6. HP: 36/37 MP: 6/6
  2836 | D:5      | Reached skill level 4 in Shields
  2901 | D:5      | Noticed an ice beast
  2914 | D:5      | Killed an ice beast
  2924 | D:5      | Reached XP level 7. HP: 24/41 MP: 7/7
  3026 | D:5      | Reached skill level 5 in Armour
  3026 | D:5      | Reached skill level 5 in Shields
  3252 | D:6      | Reached skill level 6 in Shields
  3264 | D:6      | Reached XP level 8. HP: 44/46 MP: 8/8
  3541 | D:6      | Reached skill level 7 in Shields
  3641 | D:6      | Found Teunt's Magic Scroll Shop.
  4249 | D:7      | Reached skill level 8 in Shields
  4508 | D:7      | Reached XP level 9. HP: 51/51 MP: 9/9
  4556 | D:7      | Gained mutation: Your flesh is heat resistant. (rF+)
                  | [potion of mutation]
  4556 | D:7      | Gained mutation: You are strong-willed. (Will+) [potion of
                  | mutation]
  4814 | D:7      | Reached skill level 9 in Shields
  4927 | D:7      | Found a staircase to the Ecumenical Temple.
  4963 | Temple   | Entered the Ecumenical Temple
  4982 | Temple   | Became a worshipper of Cheibriados the Contemplative
  5111 | D:7      | Noticed a hornet
  5119 | D:7      | Killed a hornet
  5273 | D:7      | Reached skill level 5 in Fighting
  5622 | D:8      | Found an ancient bone altar of Kikubaaqudgha.
  5770 | D:8      | Reached XP level 10. HP: 57/60 MP: 10/10
  5884 | D:8      | Reached * piety under Cheibriados
  5898 | D:8      | Found a flagged portal.
  5904 | Bailey   | Entered a bailey
  5947 | Bailey   | Reached skill level 10 in Armour
  5947 | Bailey   | Reached skill level 10 in Shields
  6284 | Bailey   | Reached skill level 1 in Invocations
  6297 | Bailey   | Acquired 956 gold pieces
  6403 | Bailey   | Noticed an orc knight
  6416 | Bailey   | Killed an orc knight
  6791 | Bailey   | Reached XP level 11. HP: 64/64 MP: 14/14
  6848 | D:8      | Reached ** piety under Cheibriados
  6853 | D:8      | Reached skill level 5 in Invocations
  7259 | D:8      | Noticed Grum
  7272 | D:8      | Killed Grum
  7598 | D:9      | Found Wijezoj's Magic Scroll Shoppe.
  7720 | D:6      | Bought a scroll of acquirement for 676 gold pieces
  7720 | D:6      | Acquired a manual of Maces & Flails
  7896 | D:9      | Found Riluteon's Book Shoppe.
  7998 | D:9      | Reached skill level 5 in Maces & Flails
  8005 | D:9      | Found Emukhosi's General Store.
  8105 | D:9      | Found a glowing silver altar of Zin.
  8721 | D:10     | Entered Level 10 of the Dungeon
  8767 | D:9      | Reached *** piety under Cheibriados
  8844 | D:10     | Found a shimmering altar of Xom.
  9033 | D:10     | Noticed a six-headed hydra
  9044 | D:10     | Killed a six-headed hydra
  9045 | D:10     | Reached skill level 10 in Maces & Flails
  9045 | D:10     | Reached XP level 12. HP: 63/71 MP: 16/16
  9501 | D:11     | Learned a level 3 spell: Ignite Poison
  9555 | D:11     | Noticed a two-headed ogre
  9574 | D:11     | Killed a two-headed ogre
  9575 | D:11     | Reached skill level 1 in Fire Magic
  9575 | D:11     | Reached skill level 1 in Poison Magic
  9771 | D:11     | Found a blossoming altar of Fedhas.
  9892 | D:11     | Noticed a two-headed ogre
  9903 | D:11     | Killed a two-headed ogre
  9904 | D:11     | Reached skill level 1 in Transmutations
  9913 | D:11     | Noticed a sun demon
  9922 | D:11     | HP: 1/71 [ice devil[a kobold demonologist] (14)]
 10153 | D:11     | Noticed a boulder beetle
 10349 | D:11     | Identified the +1 ring mail of Lesser Demons {rN+}
 10355 | D:11     | Killed a boulder beetle
 10361 | D:11     | Found a staircase to the Lair.
 10377 | D:11     | Reached **** piety under Cheibriados
 10562 | D:11     | Noticed a boulder beetle
 10580 | D:11     | Killed a boulder beetle
 10783 | D:11     | Reached skill level 1 in Spellcasting
 11065 | D:11     | Found a staircase to the Orcish Mines.
 11240 | D:11     | Learned a level 4 spell: Passage of Golubria
 11346 | D:12     | Noticed a sun demon
 11680 | D:12     | Found a transporter.
 12032 | D:12     | Noticed a boulder beetle
 12050 | D:12     | Killed a boulder beetle
 12051 | D:12     | Reached skill level 11 in Shields
 12086 | D:12     | Reached XP level 13. HP: 68/75 MP: 19/19
 12382 | D:12     | Identified the +9 flail of Contention {flame, Str+5 Dex-5}
 12446 | D:12     | Found a transporter.
 12791 | D:13     | Reached skill level 12 in Shields
 12808 | D:13     | Reached ***** piety under Cheibriados
 13404 | D:13     | Reached skill level 13 in Shields
 14087 | D:14     | Noticed a yaktaur captain
 14264 | D:14     | Found a glowing golden altar of the Shining One.
 14395 | Orc:1    | Entered Level 1 of the Orcish Mines
 14454 | Orc:1    | Reached skill level 14 in Shields
 14720 | Orc:2    | Entered Level 2 of the Orcish Mines
 15306 | Orc:2    | Reached skill level 15 in Shields
 15373 | Orc:2    | Noticed Maurice
 15459 | Orc:2    | Noticed Saint Roka
 15469 | Orc:1    | Killed Maurice
 15629 | Orc:1    | Reached ****** piety under Cheibriados
 15630 | Orc:1    | Reached skill level 16 in Shields
 15630 | Orc:1    | Gained mutation: Your large and strong wings let you fly.
                  | [Gargoyle growth]
 15630 | Orc:1    | Reached XP level 14. HP: 80/80 MP: 16/20
 15798 | Orc:1    | HP: 1/80 [Saint Roka/divine providence (13)]
 15809 | Orc:1    | HP: 6/120 [Saint Roka/divine providence (14)]
 15810 | Orc:1    | Demolished by Saint Roka

Illustrated notes

Levels and vault maps discovered:
D:1:      sevenhm_arrival_forest_fort_large_4, layout_basic, hex_tiny
D:2:      layout_basic, shapermc_ecumenical_altar_mp_highgroup,
          grunt_ministairs_2
D:3:      layout_basic, serial_shops, shop, shop, nicolae_shop_tiny_waterfront,
          nicolae_shop_tiny_glass, kennysheep_pointless_box, serial_bayou_pond_b
D:4:      layout_layer_cave
D:5:      layout_rooms, ebering_ghost_disaster_area, serial_shops,
          nicolae_shop_window_shopping
D:6:      layout_loops_ring, serial_shops, kennysheep_little_box,
          chequers_serial_rivers_micro_e
D:7:      layout_gridville, minmay_temple_entry_tees
D:8:      layout_basic, mainiacjoe_overflow_six_doors_small, enter_bailey_3,
          kennysheep_generic_room_8, uniq_grum
D:9:      layout_long_grid, mainiacjoe_overflow_24_doors, serial_shops, shop,
          nicolae_inconvenience_store,
          nicolae_shop_temple_entry_statues_fountains, corner_web_ring
D:10:     layout_roguey, amcnicky_altar_gilded, minivault_5
D:11:     layout_rooms, david_lair_generic, david_orc_4, fedhas_altar_fruit_tree
D:12:     gammafunk_cloud_chamber, layout_small_grid
D:13:     layout_loops_ring, library_closet, minivault_8
D:14:     layout_gridville, david_vaults_2, minmay_misc_feat_chi,
          serial_bayou_ford_a, tso_metal_star
Temple:   hellmonk_temple_of_storms
Orc:1:    layout_diamond_mine
Orc:2:    st_orc_open, layout_diamond_mine, uniq_saint_roka, uniq_maurice

Skill      XL: |  1  2  3  4  5  6  7  8  9 10 11 12 13 |
---------------+----------------------------------------+-----
Maces & Flails | 3 10 | 10.9
Armour         | 1 2 3 4 6 8 9 14 | 14.4
Shields        | 1 2 3 4 6 8 9 10 11 16 | 16.0
Fighting       | 5 6 |  6.5
Invocations    | 4 5 |  5.8
Fire Magic     | 3 |  3.9
Poison Magic   | 3 |  3.9
Transmutations | 2 |  2.1
Spellcasting   | 4 |  4.0
Dodging        | |  1.5
Stealth        | |  5.4

Action                     |  1- 3 |  4- 6 |  7- 9 | 10-12 | 13-15 || total
---------------------------+-------+-------+-------+-------+-------++-------
  Melee: Mace              |   135 |    25 |       |       |       ||   160
         Punch             |     1 |       |       |       |       ||     1
         Dagger            |       |   129 |   249 |   603 |   321 ||  1302
         Flail             |       |       |    90 |    43 |   170 ||   303
   Cast: Ignite Poison     |       |       |       |     9 |    27 ||    36
 Invoke: Temporal Distorti |       |       |       |     1 |     2 ||     3
         Slouch            |       |       |       |     1 |     2 ||     3
  Evoke: Wand              |     1 |     1 |     4 |     7 |     7 ||    20
    Use: Scroll            |     1 |     1 |     7 |    11 |     9 ||    29
         Potion            |       |       |     6 |     5 |     3 ||    14
   Stab: Sleeping          |       |       |       |     3 |       ||     3
 Armour: Leather armour    |    17 |       |       |       |       ||    17
         Ring mail         |    12 |       |       |       |       ||    12
         Plate armour      |    93 |   126 |   221 |    70 |       ||   510
         Crystal plate arm |       |       |       |   252 |   261 ||   513
         Steam dragon scal |       |       |       |   194 |    27 ||   221
         Troll leather arm |       |       |       |       |   130 ||   130
         Skin              |       |       |       |       |    31 ||    31
         Acid dragon scale |       |       |       |       |    14 ||    14
  Dodge: Dodged            |    40 |     7 |    55 |   174 |   204 ||   480
  Block: Tower shield      |    80 |   124 |   343 |   789 |   819 ||  2155
